 Dungeon Crawl Stone Soup version 0.21-a0-29-g43b3074 (webtiles) character file.

56 Espgualade the Skirmisher (level 3, -3/23 HPs)
             Began as a Tengu Ice Elementalist on May 26, 2017.
             Slain by an adder (5 damage)
             ... on level 2 of the Dungeon.
             The game lasted 00:03:27 (2006 turns).

Espgualade the Skirmisher (Tengu Ice Elementalist)  Turns: 2006, Time: 00:03:28

Health: -3/23      AC:  2    Str:  6 (8)  XL:     3   Next: 97%
Magic:  4/7        EV: 12    Int: 20 (21) God:
Gold:   81         SH:  0    Dex: 12 (14) Spells: 0/6 levels left

rFire    . . .     SeeInvis .   d - +0 whip
rCold    . . .     Gourm    .   (no shield)
rNeg     . . .     Faith    .   a - +0 robe
rPois    .         Spirit   .   (helmet restricted)
rElec    .         Reflect  .   (no cloak)
rCorr    .         Harm     .   (no gloves)
MR       .....                  (boots unavailable)
Stlth    ++........             (no amulet)
Regen    0.1/turn               (no ring)
MPRegen  0.1/turn               (no ring)

@: brilliant
A: beak, talons 3
a: no special abilities


You were on level 2 of the Dungeon.
You were not hungry.

You visited 1 branch of the dungeon, and saw 2 of its levels.

You collected 81 gold pieces.

Inventory:

Hand Weapons
 d - a +0 whip (weapon)
Armour
 a - a +0 robe (worn)
Scrolls
 f - 2 scrolls of enchant armour {unknown}
 g - a scroll of blinking {unknown}
 h - 3 scrolls of identify {unknown}
Books
 b - a book of Frost

   Spells                             Type                      Level
   a - Freeze                         Ice                          1
   b - Throw Frost                    Conjuration/Ice              2
   c - Ozocubu's Armour               Charms/Ice                   3
   d - Throw Icicle                   Conjuration/Ice              4
   e - Summon Ice Beast               Ice/Summoning                4
Comestibles
 c - 2 bread rations
 j - a chunk of flesh


   Skills:
 + Level 3.4 Fighting
 - Level 2.1 Dodging
 - Level 2.0 Stealth
 - Level 2.0 Spellcasting
 - Level 1.3 Conjurations
 - Level 2.6 Ice Magic


You couldn't memorise any spells.
You knew the following spells:

 Your Spells              Type           Power        Failure   Level  Hunger
a - Freeze                Ice            ###.         1%          1    #......
b - Throw Frost           Conj/Ice       ###...       1%          2    ##.....
c - Ozocubu's Armour      Chrm/Ice       ###.....     3%          3    ###....


Dungeon Overview and Level Annotations

Branches:
Dungeon (2/15)

Altars:
Trog


Innate Abilities, Weirdness & Mutations

You have a beak for a mouth.
You have claws for feet.


Message History

Press: ? - help, Shift-Dir - straight line, f/p - goblin
Aim: a goblin, wielding a club (severely wounded)
You freeze the goblin.
You kill the goblin!
The adder bites you.
* * * LOW HITPOINT WARNING * * *
The adder bites you but does no damage.
Casting: Freeze
Confirm with . or Enter, or press ? or * to list all spells.
Aiming: Freeze
Press: ? - help, Shift-Dir - straight line, f - adder
Aim: an adder You freeze the adder.
The adder is heavily wounded.
The adder bites you.
* * * LOW HITPOINT WARNING * * *
It was a potion of brilliance.
You feel clever all of a sudden. The adder bites you.
You die...

##.##.........##...#....
##..#....w...............
#.....#........##...#....
.............#....### ..
.<..............#.
...............##
.......%†......#
................
......$.@K......
........)S......
.............#..
......#.........
....###.....#... ..#.
.=###...$. # ## .....
....


You could see a worm, an adder and a kobold.

Vanquished Creatures
  A gnoll (D:1)
  An adder (D:2)
  3 dart slugs
  A leopard gecko (D:1)
  A ball python (D:2)
  2 giant cockroaches
  4 goblins
  A hobgoblin (D:1)
  A quokka (D:2)
  2 bats (D:2)
  2 frilled lizards (D:1)
  6 kobolds
  8 rats
33 creatures vanquished.

Notes
Turn   | Place    | Note
-------+----------+-------------------------------------------
     0 | D:1      | Espgualade the Tengu Ice Elementalist began the quest for the Orb.
     0 | D:1      | Reached XP level 1. HP: 10/10 MP: 4/4
   195 | D:1      | Reached skill level 1 in Fighting
   446 | D:1      | Reached XP level 2. HP: 10/16 MP: 6/6
   753 | D:1      | Reached skill level 2 in Fighting
   779 | D:1      | Learned a level 2 spell: Throw Frost
   782 | D:1      | Reached XP level 3. HP: 9/22 MP: 2/7
  1728 | D:1      | Learned a level 3 spell: Ozocubu's Armour
  1879 | D:2      | Reached skill level 3 in Fighting
  1881 | D:2      | Found a bloodstained altar of Trog.
  2006 | D:2      | Slain by an adder

Vault maps used:
D:1:      dpeg_arrival_ratfight
D:2:      first_bread, bloody_trog

Skill      XL: |  1  2  3 |
---------------+----------+-----
Fighting       | 1 2 3 |  3.4
Dodging        | |  2.1
Stealth        | |  2.0
Spellcasting   | |  2.0
Conjurations   | |  1.3
Ice Magic      | |  2.6

Action                   || total
-------------------------++-------
Melee: Whip              ||    73
       Kick              ||    15
       Peck              ||    11
 Cast: Freeze            ||    18
       Throw Frost       ||     3
  Use: Potion            ||     2
 Stab: Sleeping          ||     4
  Eat: Chunk             ||     4
Armor: Robe              ||    11
Dodge: Dodged            ||    41
